 Dungeon Crawl Stone Soup version 0.31-a0-188-g5e087ee2ca (webtiles) character file.

Game seed: 6016371040387159309

163 qw the Skirmisher (level 5, -1/29 HPs)
             Began as a Deep Elf Hunter on June 23, 2023.
             Slain by a hobgoblin (3 damage)
             ... led by Robin
             ... on level 3 of the Dungeon.
             The game lasted 00:00:41 (1899 turns).

qw the Skirmisher (Deep Elf Hunter)                 Turns: 1899, Time: 00:00:42

Health: -1/29      AC:  3    Str: 10    XL:     5   Next: 20%
Magic:  7/7        EV: 12    Int: 14    God:
Gold:   163        SH:  0    Dex: 18    Spells: 4/4 levels left

rFire   . . .        Y - +0 shortbow
rCold   . . .        (shield currently unavailable)
rNeg    . . .        c - +0 leather armour
rPois   .            (no helmet)
rElec   .            (no cloak)
rCorr   .            (no gloves)
SInv    .            (no boots)
Will    .....        (no amulet)
Stlth   ++           (no ring)
HPRegen 0.24/turn    (no ring)
MPRegen 0.10/turn

%: no passive effects
@: about to teleport
A: no striking features
a: no special abilities


You were on level 3 of the Dungeon.
You visited 1 branch of the dungeon, and saw 3 of its levels.

You collected 163 gold pieces.


   Skills:
 - Level 1.5 Fighting
 + Level 8.6 Ranged Weapons
 - Level 2.4 Dodging
 - Level 1.2 Stealth


You had 4 spell levels left.
You didn't know any spells.
Your spell library was empty.

Inventory:

Hand Weapons
 Y - a +0 shortbow (weapon)
Armour
 c - a +0 leather armour (worn)
 d - a +0 pair of gloves
 e - a +0 ring mail
Scrolls
 a - a scroll of identify
Potions
 b - a potion of attraction {unknown}
 g - a potion of enlightenment {unknown}
 i - a potion of curing {unknown}

Dungeon Overview and Level Annotations

Branches:
Dungeon (3/15)

Altars:
Ashenzari

Annotations:
D:3 Robin


Message History

A goblin comes into view. It is wielding a +0 club.
You shoot an arrow. The arrow hits the hobgoblin.
The hobgoblin is severely wounded.
The hobgoblin closely misses you. The hobgoblin barely misses you.
Robin roars a battlecry!
The goblins go into a battle-frenzy!
You hear a shout!
You shoot an arrow. The arrow barely misses the hobgoblin.
The arrow hits the goblin!
You kill the goblin!
The goblin closely misses you. The hobgoblin hits you.
You shoot an arrow. The arrow barely misses the hobgoblin.
The hobgoblin hits you. The goblin barely misses you.
Robin flexes a bicep menacingly.
The hobgoblin barely misses you.
You shoot an arrow. The arrow closely misses the hobgoblin.
The hobgoblin barely misses you. The goblin completely misses you.
The goblin hits you with a +0 club.
An orc comes into view. It is wielding a +0 hand axe.
The hobgoblin closely misses you.
You shoot an arrow. The arrow barely misses the hobgoblin.
The hobgoblin closely misses you. The goblin hits you with a +0 club.
The hobgoblin barely misses you. The goblin closely misses you.
You shoot an arrow. The arrow barely misses the hobgoblin.
The hobgoblin closely misses you. The goblin closely misses you.
An endoplasm comes into view.
The goblin hits you with a +0 club. The hobgoblin hits you.
You shoot an arrow. The arrow barely misses the hobgoblin.
The endoplasm quivers.
The hobgoblin closely misses you. The goblin hits you with a +0 club. x2
The hobgoblin misses you. Robin throws the goblin at you!
1898 ||| READING scroll of teleportation.
As you read the scroll of teleportation, it crumbles to dust.
You feel strangely unstable. The goblin hits you with a +0 club.
The hobgoblin barely misses you. The goblin barely misses you.
The hobgoblin hits you.
You shoot an arrow. The arrow hits the hobgoblin.
You kill the hobgoblin!
The goblin closely misses you. The hobgoblin hits you.
You die...

# .# ### # .# #.# ## .#
#.. .. .# #.##### #. .#
#...... #.##.##### #
#..####
##.#.ggg#.....###..####
#.J.og@##.###..........
..)).##.##.....##..#####
... #.##.....#......## .
#........#...##.##
####%....#.......#
#........#.####
#####.............#
#..##>........#...#
##.##.............#


You could see Robin, an orc, an endoplasm, a hobgoblin (strong) and 2 goblins.

Vanquished Creatures
  A scorpion (D:3)
  An orc wizard (D:3)
  2 adders (D:2)
  A dart slug (D:1)
  5 orcs (D:3)
  4 endoplasms
  A giant cockroach (D:2)
  8 goblins
  4 hobgoblins (D:3)
  3 quokkas
  11 ball pythons
  5 bats
  2 frilled lizards
  5 kobolds
  4 rats
57 creatures vanquished.

Notes
Turn   | Place    | Note
-------+----------+-------------------------------------------
     0 | D:1      | qw the Deep Elf Hunter began the quest for the Orb.
     0 | D:1      | Reached XP level 1. HP: 12/12 MP: 3/3
     0 | D:1      | 0 ||| qw: Version: 0.3-a-9-g12657ce
     0 | D:1      | 0 ||| qw: Game counter: 3876
     0 | D:1      | 0 ||| qw: Always use a shield: true
     0 | D:1      | 0 ||| qw: God list: Okawaru
     0 | D:1      | 0 ||| qw: Allow faded altars: false
     0 | D:1      | 0 ||| qw: Do Orc after D:15 true
     0 | D:1      | 0 ||| qw: Do second Lair branch before Depths: true
     0 | D:1      | 0 ||| qw: Lair rune preference: random
     0 | D:1      | 0 ||| qw: Plans: Normal
     0 | D:1      | 0 ||| PLANNING D:1-11
   242 | D:1      | Reached skill level 6 in Ranged Weapons
   242 | D:1      | Reached XP level 2. HP: 16/16 MP: 4/4
   561 | D:1      | 561 ||| READING 2 scrolls labelled TIEPLA IHIDU.
   562 | D:1      | 562 ||| READING scroll labelled GOPSUK NIENN.
   563 | D:1      | 563 ||| READING scroll labelled MUM YXIOTUUK.
   564 | D:1      | 564 ||| READING 2 scrolls labelled POVEDEDASUQ.
   568 | D:1      | 568 ||| DROPPING scroll of butterflies.
   851 | D:2      | Found a faded altar of an unknown god.
   988 | D:2      | Reached XP level 3. HP: 15/20 MP: 5/5
  1082 | D:2      | Found a broken altar of Ashenzari.
  1355 | D:2      | Reached skill level 7 in Ranged Weapons
  1448 | D:2      | 1448 ||| READING scroll labelled FOIBLU GIURPHOI.
  1450 | D:2      | 1450 ||| Stepping ~*~*~tactically~*~*~ (cloud).
  1452 | D:2      | HP: 4/20 [poisoned by you (poison gas)]
  1456 | D:2      | HP: 1/20 [poisoned by you (poison gas)]
  1635 | D:3      | Noticed a scorpion
  1644 | D:3      | Killed a scorpion
  1645 | D:3      | Reached skill level 8 in Ranged Weapons
  1645 | D:3      | Reached XP level 4. HP: 12/25 MP: 6/6
  1734 | D:3      | Reached XP level 5. HP: 29/29 MP: 7/7
  1884 | D:3      | Noticed Robin
  1897 | D:3      | HP: 6/29 [goblin/+0 club[Robin] (2)]
  1898 | D:3      | 1898 ||| READING scroll of teleportation.
  1898 | D:3      | HP: 1/29 [hobgoblin[Robin] (4)]
  1899 | D:3      | Slain by a hobgoblin

Levels and vault maps discovered:
D:1:      onia_arrival_handbag, layout_loops_ring
D:2:      layout_basic, basic_altar, hellmonk_ecumenical_altar_zigzags,
          skrybe_limestone_x, minmay_misc_feat_iff, kennysheep_generic_room_15
D:3:      layout_basic, columned_hall_lemuel, uniq_ijyb, uniq_robin

Skill      XL: |  1  2  3 |
---------------+----------+-----
Ranged Weapons | 6 8 |  8.6
Fighting       | |  1.5
Dodging        | |  2.4
Stealth        | |  1.2

Action                     |  1- 3 |  4- 6 || total
---------------------------+-------+-------++-------
   Fire: Shortbow          |    85 |    49 ||   134
    Use: Scroll            |     5 |     1 ||     6
 Armour: Leather armour    |     4 |     4 ||     8
  Dodge: Dodged            |    19 |    23 ||    42

Table legend:
 A = Non-vault XP
 B = Vault XP
 C = Vault XP percentage of total XP
 D = Non-vault monster count
 E = Vault monster count
 F = Vault count percentage of total count
                 A         B        C        D         E       F
            +---------+---------+-------+---------+---------+-------
      Total |     213 |      23 |   9.7 |      44 |      13 |  22.8
            +---------+---------+-------+---------+---------+-------
        D:1 |      18 |       5 |  21.7 |      10 |       4 |  28.6
        D:2 |      55 |       0 |   0.0 |      20 |       0 |   0.0
        D:3 |     140 |      18 |  11.4 |      14 |       9 |  39.1
            +---------+---------+-------+---------+---------+-------
